Map: Orbital Shipyard

Players

GuessWho

  • Race: Terran Terran
  • League: Diamond

LilDicky - Winner!

  • Race: Terran Terran
  • League: Diamond

VOD

http://www.twitch.tv/tumescentpie

Description

Time

  • Played on: Jan. 2, 2016, 5:17 p.m.
  • Length: 5:38
Show
View Real Time Build Order
Export as new Build Order

GuessWho Terran 

Build Orders:  

Get SALT Encoding   

  12  0:01  SCV  
  13  0:13  SCV  
  14  0:18  Supply Depot  
  14  0:25  SCV  
  15  0:40  SCV  
  16  0:45  Barracks  
  16  0:52  SCV  
  16  0:54  Refinery  
  17  1:04  SCV  
  18  1:11  Barracks  
  18  1:16  SCV  
  19  1:28  SCV  
  19  1:38  Reaper  
  20  1:40  Supply Depot, Orbital Command  
  20  1:59  Reaper  
  21  2:08  SCV  
  22  2:13  Supply Depot, Marine  
  23  2:24  Command Center  
  23  2:27  SCV  
  24  2:34  Marine  
  25  2:38  Marine  
  25  2:39  SCV  
  26  2:47  Factory  
  26  2:51  SCV  
  27  2:56  Supply Depot  
  27  2:57  Marine  
  27  2:58  Refinery  
  28  3:02  Barracks Tech Lab  
  28  3:05  SCV  
  29  3:18  Engineering Bay  
  29  3:21  SCV  
  29  3:24  Marine  
  29  3:26  Marine  
  32  3:33  SCV  
  33  3:39  Orbital Command  
  33  3:42  Widow Mine  
  33  3:45  SCV  
  36  3:56  Marauder, Marine  
  36  3:57  SCV  
  39  4:09  SCV  
  40  4:10  SCV  
  40  4:13  Widow Mine  
  40  4:14  Marine  
  44  4:17  Missile Turret  
  44  4:20  Marine  
  45  4:25  SCV  
  45  4:26  SCV, Refinery  
  47  4:35  Missile Turret  
  47  4:37  SCV, Starport  
  47  4:38  Marine  
  49  4:43  Factory Tech Lab  
  49  4:47  SCV  
  49  4:52  SCV  
  51  4:56  Marine  
  51  4:59  Factory  
  54  5:01  SCV  
  53  5:12  SCV  
  53  5:13  SCV  
  57  5:26  SCV  
Show
View Real Time Build Order
Export as new Build Order

LilDicky Terran - Winner!

Build Orders: Liberator Opening 

Get SALT Encoding   

  12  0:02  SCV  
  13  0:16  SCV  
  13  0:19  Supply Depot  
  14  0:28  Refinery  
  14  0:35  SCV  
  15  0:45  Barracks  
  15  0:48  SCV  
  16  1:01  SCV  
  17  1:13  SCV  
  18  1:20  Refinery  
  18  1:25  SCV  
  19  1:39  Marine  
  21  1:42  Supply Depot, Orbital Command  
  20  1:57  Marine  
  21  2:08  Factory  
  21  2:11  SCV  
  21  2:15  Marine  
  23  2:23  SCV  
  24  2:34  Marine  
  24  2:35  SCV  
  26  2:47  SCV  
  26  2:50  Supply Depot  
  27  2:53  Factory Tech Lab  
  27  2:54  Starport  
  27  2:55  Marine  
  28  2:59  SCV  
  29  3:11  SCV, Engineering Bay  
  30  3:14  Supply Depot  
  30  3:15  Liberator  
  30  3:16  Siege Tank  
  33  3:20  Marine  
  33  3:23  SCV  
  38  3:35  SCV  
  38  3:38  Marine  
  40  3:47  SCV  
  41  3:50  Supply Depot  
  41  3:56  Marine  
  41  3:59  Siege Tank  
  46  4:02  SCV  
  46  4:15  SCV  
  46  4:16  Liberator  
  47  4:20  Marine  
  48  4:27  Supply Depot, Missile Turret  
  48  4:28  SCV  
  49  4:32  Siege Tank  
  55  4:49  SCV, Marine  
  57  5:03  Missile Turret  
  57  5:05  Missile Turret  
  57  5:20  Missile Turret  
Tags
 
Add a new tag
Caveats
  • Supply blocks, unpowered buildings, or Contaminate may cause inaccurate times.
  • Supply counts are checked every 10 seconds.